 Dungeon Crawl Stone Soup version 0.27.0-1-g7a089689b8 (webtiles) character file.

Game seed: 12349030161818354374

345 willcat the Sneak (level 6, -3/61 HPs)
             Began as a Troll Delver on Aug 12, 2021.
             Was an Initiate of the Shining One.
             Killed by nerve-wracking pain
             ... invoked by Menkaure
              (14 damage)
             ... on level 7 of the Dungeon.
             The game lasted 00:01:19 (597 turns).

willcat the Sneak (Troll Delver)                     Turns: 597, Time: 00:01:19

Health: -3/61      AC:  4    Str: 23    XL:     6   Next: 32%
Magic:  5/5        EV: 10    Int:  6    God:    the Shining One [......]
Gold:   36         SH:  0    Dex: 11    Spells: 5/5 levels left

rFire    . . .     SeeInvis .     - Unarmed
rCold    . . .     Faith    .   (no shield)
rNeg     . . .     Spirit   .   a - +0 robe
rPois    .         Reflect  .   (helmet restricted)
rElec    .         Harm     .   (no cloak)
rCorr    .         Rampage  .   (gloves unavailable)
Will     .....                  (boots unavailable)
Stlth    +.........             (no amulet)
HPRegen  1.20/turn              (no ring)
MPRegen  0.09/turn              (no ring)

@: glowing
A: large, unfitting armour, claws 3, regeneration 1, shaggy fur 1, tough skin 1
a: Renounce Religion


You were on level 7 of the Dungeon.
You worshipped the Shining One.
The Shining One was noncommittal.
You visited 1 branch of the dungeon, and saw 3 of its levels.

You collected 36 gold pieces.

Inventory:

Armour
 a - a +0 robe (worn)
Wands
 f - a wand of digging (3)
Scrolls
 b - a scroll of fog
 c - a scroll of magic mapping
 d - a scroll of fear
 g - a scroll of identify {unknown}
 h - a scroll of noise {unknown}
Potions
 e - a potion of haste


   Skills:
 + Level 3.2 Fighting
 + Level 2.1 Dodging
 + Level 4.2 Stealth
 + Level 3.2 Unarmed Combat


You had 5 spell levels left.
You didn't know any spells.
Your spell library contained the following spells:

 Spells                   Type           Power      Damage    Failure   Level
 Freeze                   Ice            0%         1d3       45%         1
 Passwall                 Tmut/Erth      0%         N/A       58%         2
 Frozen Ramparts          Ice            0%         1d2       83%         3
 Swiftness                Air            0%         N/A       83%         3
 Hailstorm                Conj/Ice       0%         3d3       99%         4
 Invisibility             Hex            0%         N/A       100%        6


Dungeon Overview and Level Annotations

Branches:
Dungeon (7/15)
 Temple: D:4-7

Altars:
Cheibriados
The Shining One

Annotations:
D:7 Menkaure


Innate Abilities, Weirdness & Mutations

You are too large for most types of armour.
You have claws for hands.
Your natural rate of healing is unusually fast.
You are covered in fur. (AC +1)
You have tough skin. (AC +1)


Message History

Menkaure is nearby!
You start resting.
Menkaure is nearby!
Menkaure calls on the powers of darkness!
Your body is wracked with pain!
Menkaure hits you!!
* * * LOW HITPOINT WARNING * * *
Menkaure gestures wildly while chanting.
Menkaure seems to speed up.
Menkaure calls on the powers of darkness!
Your body is wracked with pain!
* * * LOW HITPOINT WARNING * * *
Menkaure calls on the powers of darkness!
Your body is wracked with pain!
* * * LOW HITPOINT WARNING * * *
There is a stone staircase leading down here.
Menkaure gestures ominously.
Menkaure calls on the powers of darkness!
Your body is wracked with pain!
* * * LOW HITPOINT WARNING * * *
There is a stone staircase leading up here.
You climb upwards.
There is a stone staircase leading down here.
You start resting.
HP restored.
You climb downwards.
Level annotation: Menkaure
There is a stone staircase leading up here.
Menkaure calls on the powers of darkness!
Your body is wracked with pain!
Menkaure hits you!
* * * LOW HITPOINT WARNING * * *
You are too injured to fight recklessly!
You are too injured to fight recklessly!
Menkaure calls on the powers of darkness!
Your body is wracked with pain!
* * * LOW HITPOINT WARNING * * *
Menkaure points at you and mumbles some strange words.
Pain shoots through your body!
You die...

#......_..+ ...
#.M##.....# ...
... #..##.....#
...# #..
#..###..### ...#..
#..
#..####.####.....#
.#.
#.............#...
..#
#....M............
...
##.##.......#.....
#.. #.##.>.@.....#
.. #...........##
. ###.......### .
##.....## .
##...## #...##
#####..##
####..#..##
###........#


You could see Menkaure.

Vanquished Creatures
  A wyvern (D:7)
  A black bear (D:6)
  A necrophage (D:6)
  A shadow imp (D:7)
  2 ufetubi (D:6)
  A goblin skeleton (D:7)
  A goblin zombie (D:7)
  5 hobgoblin zombies (D:7)
  A kobold skeleton (D:7)
  2 orc zombies (D:7)
16 creatures vanquished.

Notes
Turn   | Place    | Note
-------+----------+-------------------------------------------
     0 | D:5      | willcat the Troll Delver began the quest for the Orb.
     0 | D:5      | Reached XP level 1. HP: 22/22 MP: 0/0
    15 | D:6      | Noticed a necrophage
    26 | D:6      | Killed a necrophage
    27 | D:6      | Reached skill level 3 in Stealth
    27 | D:6      | Reached XP level 2. HP: 11/29 MP: 1/1
    27 | D:6      | Reached XP level 3. HP: 13/36 MP: 2/2
    27 | D:6      | Reached XP level 4. HP: 16/44 MP: 3/3
   156 | D:7      | Noticed a black bear
   160 | D:7      | Noticed a wyvern
   164 | D:7      | Found a snail-covered altar of Cheibriados.
   175 | D:6      | Killed a black bear
   176 | D:6      | Reached XP level 5. HP: 30/53 MP: 4/4
   281 | D:7      | Found a glowing golden altar of the Shining One.
   299 | D:7      | Became a worshipper of the Shining One
   306 | D:7      | Reached skill level 4 in Stealth
   462 | D:7      | Killed a wyvern
   463 | D:7      | Reached XP level 6. HP: 18/61 MP: 5/5
   504 | D:7      | Noticed Menkaure
   597 | D:7      | Killed from afar by Menkaure

Illustrated notes

Levels and vault maps discovered:
D:5:      black_bear_nest_2, layout_loops_ring, xom_confusion_cloud,
          serial_shops, shop, uniq_eustachio
D:6:      layout_loops_corners
D:7:      layout_cave_pods, lemuel_crystal_altar, nicolae_tso_besieged_by_evil,
          uniq_menkaure

Skill      XL: |  1  2  3  4  5 |
---------------+----------------+-----
Stealth        | 3 4 |  4.2
Fighting       | 3 |  3.2
Dodging        | 2 |  2.1
Unarmed Combat | 3 |  3.2

Action                   |  1- 3 |  4- 6 || total
-------------------------+-------+-------++-------
Melee: Unarmed           |     8 |    40 ||    48
       Punch             |       |     1 ||     1
Armor: Robe              |     3 |    11 ||    14
Dodge: Dodged            |     3 |    26 ||    29
